 Dungeon Crawl Stone Soup version 0.27.1-2-g3b301248ec (webtiles) character file.

Game seed: 10646360077077502834

425 ABBCCCDDDD the Distorting Octopus (level 6, -1/42 HPs)
             Began as an Octopode Abyssal Knight on Sept 26, 2021.
             Was a Believer of Lugonu.
             Slain by a centaur (15 damage)
             ... on level 5 of the Dungeon.
             The game lasted 00:08:47 (6055 turns).

ABBCCCDDDD the Distorting Octopus (OpAK)            Turns: 6055, Time: 00:08:48

Health: -1/42      AC:  1    Str: 11    XL:     6   Next: 96%
Magic:  9/9        EV: 12    Int: 23    God:    Lugonu [**....]
Gold:   45         SH:  4    Dex: 11    Spells: 4/9 levels left

rFire    . . .     SeeInvis .   p - +0 trident
rCold    + . .     Faith    .   y - +1 buckler {reflect}
rNeg     . . .     Spirit   .   (helmet restricted)
rPois    .         Reflect  +   (no amulet)
rElec    .         Harm     .   i - ring of protection from cold
rCorr    .         Rampage  .   x - +6 ring of intelligence
Will     .....                  (no ring)
Stlth    ++........             (no ring)
HPRegen  0.14/turn              (no ring)
MPRegen  0.11/turn              (no ring)
                                (no ring)
                                (no ring)

@: no status effects
A: almost no armour, amphibious, 8 rings, camouflage 1, gelatinous body 1,
(nimble swimmer 1), tentacles
a: Renounce Religion, Depart the Abyss, Bend Space


You were on level 5 of the Dungeon.
You worshipped Lugonu.
Lugonu was pleased with you.
You visited 1 branch of the dungeon, and saw 5 of its levels.
You visited the Abyss 1 time.

You collected 245 gold pieces.
You spent 200 gold pieces at shops.

Inventory:

Hand Weapons
 a - a +1 spear
 d - a +2 dagger of holy wrath
 p - a +0 trident (weapon)
Missiles
 f - 7 datura-tipped darts
 s - 16 boomerangs (quivered)
Armour
 y - a +1 buckler of reflection (worn)
Jewellery
 i - a ring of protection from cold (left tentacle)
 x - a +6 ring of intelligence (right tentacle)
Scrolls
 c - 2 scrolls of teleportation
 e - a scroll of blinking
 g - a scroll of brand weapon
 k - 3 scrolls of vulnerability {unknown}
 l - a scroll of fear {unknown}
 r - a scroll of noise {unknown}
 t - 2 scrolls of acquirement {unknown}
 u - a scroll of silence {unknown}
 w - 2 scrolls of magic mapping {unknown}
Potions
 b - 3 potions of mutation
 h - a potion of haste
 j - a potion of curing {unknown}
 m - a potion of might {unknown}
 n - a potion of lignification {unknown}
 o - a potion of attraction {unknown}
 q - 2 potions of cancellation {unknown}
 v - a potion of magic {unknown}


   Skills:
 - Level 3.6 Fighting
 + Level 3.9 Polearms
 - Level 2.3 Dodging
 * Level 1.3 Shields
 + Level 2.3 Spellcasting
 + Level 2.5 Conjurations
 + Level 1.1 Earth Magic
 - Level 3.9 Invocations


You had 4 spell levels left.
You knew the following spells:

 Your Spells              Type           Power      Damage    Failure   Level
a - Searing Ray           Conj           28%        3d4       10%         2
b - Stone Arrow           Conj/Erth      22%        3d8       24%         3

Your spell library contained the following spells:

 Spells                   Type           Power      Damage    Failure   Level
 Magic Dart               Conj           56%        1d5       6%          1
 Call Imp                 Summ           2%         N/A       26%         2
 Sublimation of Blood     Necr           1%         N/A       26%         2
 Mephitic Cloud           Conj/Pois/Air  6%         N/A       36%         3
 Fulminant Prism          Conj/Hex       4%         3d6       71%         4
 Petrify                  Tmut/Erth      5%         N/A       80%         4
 Bolt of Magma            Conj/Fire/Erth 4%         4d5       96%         5
 Irradiate                Conj/Tmut      4%         3d15      96%         5
 Shatter                  Erth           4%         3d7*      100%        9


Dungeon Overview and Level Annotations

Branches:
Dungeon (5/15)             Temple (0/1) D:4

Altars:
Kikubaaqudgha
Okawaru
Ru
Uskayaw
Xom

Shops:
D:2 ?*

Annotations:
D:4 3 runed translucent doors, exclusion: 2 downstairs, Nebukadnezar's ghost, weakling DgWr; hurston's ghost, amateur GrFi
D:5 Prince Ribbit


Innate Abilities, Weirdness & Mutations

You cannot wear most types of armour.
You are amphibious.
You can wear up to eight rings at the same time.
Your skin changes colour to match your surroundings (Stealth+).
Your rubbery body absorbs attacks. (AC +1, EV +1)
((You are camouflaged near water. (Stealth+)))
You have tentacles for arms and can constrict up to eight enemies at once.


Message History

The ice beast is almost dead.
The ice beast closely misses you.
You hit the ice beast.
You kill the ice beast!
Lugonu accepts your kill.
Your Shields skill increases to level 1!
Your Earth Magic skill increases to level 1!
You start resting.
HP restored.
You start resting.
Magic restored.
You now have enough gold to buy a scroll labelled OROSME WEDI on D:2, buy a scroll labelled XEBYOTSURUNN on D:2, or buy a scroll labelled XOTWIYBUOPH on D:2.
You can access your shopping list by pressing '$'.
You now have 31 gold pieces (gained 8).
You now have 45 gold pieces (gained 14).
A centaur is nearby!
There is a stone staircase leading up here.
Throw: 16 boomerangs
Press: ? - help, Q - select action, (/) - cycle Shift-Dir - straight line, f - centaur
Aim: a centaur, wielding a +0 flail and quivering arrows (wandering, hasn't noticed you, 68% to hit)
You throw a boomerang. The centaur shouts!
The boomerang hits the centaur.
The centaur is lightly wounded.
The centaur unwields a +0 flail.
The centaur wields a +0 shortbow.
The centaur shoots an arrow.
The arrow hits you!
The centaur drinks a potion.
The centaur suddenly seems more resistant.
The centaur shoots an arrow.
The arrow hits you!
The centaur shoots an arrow.
The arrow barely misses you.
There is a stone staircase leading up here.
The centaur unwields a +0 shortbow.
The centaur wields a +0 flail.
The centaur barely misses you. x2
You hit the centaur.
The centaur is lightly wounded.
The centaur completely misses you. The centaur closely misses you.
The centaur hits you with a +0 flail! The centaur barely misses you.
You hit the centaur but do no damage.
The centaur is lightly wounded.
The centaur hits you with a +0 flail!
You die...

#.......# #.......#
##.....## ##.....##
#########.......#
#......##.......#
#......##.......#
#......##.c....##
########......##@#...###
...............<.........
########......#.....#####
#.........####
#........## #......###
##............
#.#.......... #
#..#..........


You could see a centaur (resistant).

Levels and vault maps discovered:
D:1:      mainiacjoe_arrival_reflecting_pool, layout_basic
D:2:      layout_basic, shapermc_ecumenical_altar_starsandcircs, serial_shops,
          shop, nicolae_shop_overgrown_old_shop
D:3:      layout_basic, mainiacjoe_overflow_boulevard, minmay_quantized
D:4:      layout_basic, overflow_temple_1_default, nicolae_uskayaw_dance_hall,
          hangedman_ru_absence, minmay_temple_entry_drinking_statues,
          gammafunk_ghost_cemetery
D:5:      layout_rooms, ashenzari_altar_1, lemuel_crystal_altar, tgw_sif,
          hangedman_abyss_or_decor_slice, uniq_prince_ribbit1

Notes
Turn   | Place    | Note
-------+----------+-------------------------------------------
     0 | Abyss:1  | ABBCCCDDDD the Octopode Abyssal Knight began the quest for
                  | the Orb.
     0 | Abyss:1  | Reached XP level 1. HP: 16/16 MP: 2/2
    37 | Abyss:1  | Noticed an orange demon
    70 | Abyss:1  | Noticed a vampire
    91 | Abyss:1  | Noticed a large abomination
   109 | Abyss:1  | Noticed a ynoxinul
   120 | Abyss:1  | Noticed a small abomination
   125 | D:1      | Escaped the Abyss
   182 | D:1      | Reached XP level 2. HP: 21/21 MP: 3/3
   183 | D:1      | Reached * piety under Lugonu
   631 | D:1      | Reached XP level 3. HP: 26/26 MP: 4/4
   932 | D:1      | Learned a level 2 spell: Searing Ray
  1220 | D:2      | Found Xoynit's Magic Scroll Boutique.
  1231 | D:2      | Found a faded altar of an unknown god.
  1237 | D:2      | Bought a scroll of identify for 28 gold pieces
  1237 | D:2      | Bought a scroll of teleportation for 42 gold pieces
  1338 | D:2      | Found Izioch's Assorted Antiques.
  1677 | D:3      | Found an iron altar of Okawaru.
  2324 | D:3      | Reached XP level 4. HP: 16/32 MP: 6/6
  2524 | D:3      | Reached ** piety under Lugonu
  3128 | D:3      | Reached skill level 1 in Conjurations
  3446 | D:4      | Found a sacrificial altar of Ru.
  3516 | D:4      | Reached skill level 1 in Spellcasting
  3596 | D:4      | Found a runed translucent gate.
  3596 | D:4      | Noticed Nebukadnezar's ghost (weakling DgWr)
  3596 | D:4      | Noticed hurston's ghost (amateur GrFi)
  3597 | D:4      | Found a runed translucent gate.
  3597 | D:4      | Found a runed translucent gate.
  3747 | D:4      | Reached XP level 5. HP: 21/36 MP: 7/7
  4068 | D:4      | Found a staircase to the Ecumenical Temple.
  4094 | D:4      | Found an ancient bone altar of Kikubaaqudgha.
  4624 | D:4      | Reached XP level 6. HP: 42/42 MP: 8/8
  4702 | D:4      | Found a hide-covered altar of Uskayaw.
  4986 | D:5      | Entered Level 5 of the Dungeon
  4986 | D:5      | Noticed Prince Ribbit
  4986 | D:5      | Found a shimmering altar of Xom.
  5045 | D:5      | Noticed a black bear
  5048 | D:5      | Noticed an ice beast
  5146 | D:2      | Bought a small cabochon ring for 130 gold pieces
  5151 | D:2      | Learned a level 3 spell: Stone Arrow
  5989 | D:5      | Killed an ice beast
  5990 | D:5      | Reached skill level 1 in Shields
  5990 | D:5      | Reached skill level 1 in Earth Magic
  6055 | D:5      | Slain by a centaur

Table legend: (Time is in decaauts)
 A = Elapsed time spent in this place.
 B = Non-inter-level travel time spent in this place.
 C = Inter-level travel time spent in this place.
 D = Time resting spent in this place.
 E = Time spent auto-exploring this place.
 F = Levels seen in this place.
 G = Mean time per level.
                   A        B        C        D        E       F      G
               +--------+--------+--------+--------+--------+-----+--------+
         Total |   6082 |   5597 |    485 |   1645 |   2961 |   6 | 1013.7 |
       Dungeon |   5957 |   5472 |    485 |   1645 |   2924 |   5 | 1191.4 |
         Abyss |    125 |    125 |      0 |      0 |     37 |   1 |  125.0 |
               +--------+--------+--------+--------+--------+-----+--------+

Top non-repeatable levels by time:
     D:3: 1955 daAuts
     D:4: 1872 daAuts
     D:1: 999 daAuts
     D:2: 770 daAuts
     D:5: 359 daAuts
 Abyss:1: 125 daAuts

Table legend:
 A = Kills in this place as a percentage of kills in entire the game.
 B = Kills by you in this place as a percentage of kills by you in the entire game.
 C = Kills by friends in this place as a percentage of kills by friends in the entire game.
 D = Other kills in this place as a percentage of other kills in the entire game.
 E = Experience gained in this place as a percentage of experience gained in the entire game.
 F = Experience gained in this place divided by the number of levels of this place that you have seen.
                   A       B       C       D       E      F
               +-------+-------+-------+-------+-------+----------------------
         Total | 100.0 | 100.0 |   N/A |   N/A | 100.0 | 101.3
       Dungeon | 100.0 | 100.0 |   N/A |   N/A | 100.0 | 121.6
               +-------+-------+-------+-------+-------+----------------------

Action                   |  1- 3 |  4- 6 || total
-------------------------+-------+-------++-------
Melee: Spear             |    78 |       ||    78
       Tentacles         |    15 |    10 ||    25
       Constrict         |    14 |    20 ||    34
       Trident           |    19 |   115 ||   134
Throw: Boomerang         |       |     6 ||     6
       Dart              |       |     1 ||     1
 Cast: Searing Ray       |       |     2 ||     2
Invok: Depart the Abyss  |     1 |       ||     1
  Use: Scroll            |     3 |     2 ||     5
       Potion            |     1 |     1 ||     2
 Stab: Sleeping          |    13 |    14 ||    27
Armor: Skin              |     3 |     5 ||     8
Dodge: Dodged            |    37 |    65 ||   102

Vanquished Creatures
  An ice beast (D:5)
  A water moccasin skeleton (D:4)
  A wyvern skeleton (D:4)
  A hound (D:5)
  A jelly (D:5)
  A bullfrog skeleton (D:5)
  A hound skeleton (D:4)
  3 adders (D:3)
  2 adder skeletons (D:4)
  A worm (D:4)
  4 dart slugs
  12 orcs
  6 ball pythons
  4 bats
  7 endoplasms
  3 giant cockroaches
  4 goblins
  3 hobgoblins
  3 jackals (D:1)
  2 quokkas
  3 frilled lizards (D:1)
  7 kobolds
  3 rats
74 creatures vanquished.
